AoeStats
← patjanko

Black Forest

504053169Analyzed
2v2 RM · 27d ago on Sep 3, 2026· 54m 37s· 4 players
Game mode
Random Map
Map size
Medium (4 player)
Population
200
Speed
Normal
Resources
Standard
Victory
Conquest
Starting age
Dark Age
Ending age
Imperial Age
RankedLock teamsTeams togetherTeam positionsShared explorationLock speedFull tech treeHidden civsTurbo modeCheats
Victory
Defeat
🇩🇪 Teutons · Germany
854
+15
🇩🇪 Persians · Germany
852
+15
🇦🇹 Teutons · Austria
848
-15
🇦🇷 Saracens · Argentina
825
-15
emanuelvicente14
0:39 Loom
15:15 Feudal Age
19:56 Castle Age
20:09 Wheelbarrow
19:21 Double-Bit Axe
28:24 Bow Saw
27:58 Horse Collar
29:17 Heavy Plow
32:25 Caravan
35:19 Imperial Age
33:48 Hand Cart
33:56 Gold Mining
34:01 Stone Mining
34:37 Fortified Wall
35:44 Gold Shaft Mining
35:44 Ballistics
35:23 Treadmill Crane
37:23 Chemistry
37:35 Light Cavalry
38:26 Bloodlines
38:16 Husbandry
38:26 Scale Barding Armor
38:22 Scale Mail Armor
38:33 Forging
39:53 Two-Man Saw
40:01 Hussar
41:10 Conscription
42:02 Chain Barding Armor
42:19 Onager
53:38 Chain Mail Armor
Bierfräsn88
6:20 Loom
11:32 Feudal Age
12:18 Double-Bit Axe
12:20 Horse Collar
19:37 Castle Age
17:59 Gold Mining
19:48 Stone Mining
19:41 Pikeman
21:38 Stone Shaft Mining
22:39 Bow Saw
23:24 Heavy Plow
25:06 Bloodlines
26:02 Town Watch
31:17 Wheelbarrow
36:56 Imperial Age
34:34 Scale Mail Armor
34:43 Scale Barding Armor
35:36 Masonry
35:42 Forging
36:49 Chain Mail Armor
37:01 Hand Cart
37:06 Caravan
38:02 Iron Casting
40:34 Blast Furnace
40:07 Plate Mail Armor
41:31 Chemistry
41:36 Ironclad
42:44 Crenellations
41:51 Elite Teutonic Knight
43:27 Town Patrol
45:05 Crop Rotation
45:38 Two-Man Saw
49:14 Cavalier
50:40 Ballistics
50:46 Chain Barding Armor
51:12 Halberdier
52:10 Paladin
patjanko
1:36 Loom
11:18 Feudal Age
13:21 Double-Bit Axe
19:39 Castle Age
18:38 Horse Collar
18:50 Stone Mining
18:51 Gold Mining
19:35 Town Watch
21:44 Heavy Plow
21:58 Bow Saw
23:56 Wheelbarrow
28:00 Hand Cart
28:15 Bloodlines
32:32 Imperial Age
30:36 Murder Holes
30:54 Masonry
32:37 Kamandaran
33:43 Citadels
33:54 Conscription
34:41 Chemistry
34:03 Ballistics
33:11 Crossbowman
35:16 Crop Rotation
35:51 Thumb Ring
36:29 Town Patrol
37:50 Architecture
37:59 Hoardings
39:00 Two-Man Saw
39:22 Gold Shaft Mining
38:51 Caravan
40:05 Padded Archer Armor
39:55 Fletching
40:45 Elite War Elephant
41:23 Pikeman
41:49 Gambesons
42:04 Squires
43:19 Squires
44:07 Scale Mail Armor
44:14 Scale Barding Armor
44:20 Forging
43:34 Halberdier
44:56 Capped Ram
47:05 Devotion
47:03 Onager
47:03 Siege Ram
48:47 Light Cavalry
49:28 Husbandry
51:14 Hussar
laQ
0:34 Loom
13:38 Feudal Age
18:21 Castle Age
16:13 Horse Collar
16:20 Double-Bit Axe
17:10 Stone Mining
25:34 Squires
29:54 Stone Shaft Mining
29:21 Heavy Plow
31:08 Wheelbarrow
31:20 Bloodlines
31:51 Bow Saw
32:37 Fortified Wall
34:26 Ironclad
34:27 Heated Shot
35:40 Hand Cart
35:29 Gold Mining
39:17 Imperial Age
38:35 Forging
38:26 Scale Mail Armor
40:17 Iron Casting
40:39 Crop Rotation
41:23 Two-Man Saw
39:47 Elite Teutonic Knight
40:48 Conscription
41:59 Chemistry
41:22 Ballistics
40:24 Pikeman
40:50 Arson
40:35 Capped Ram
40:39 Cavalier
41:59 Caravan
42:40 Onager
42:44 Paladin
44:25 Chain Mail Armor
45:11 Blast Furnace
43:56 Halberdier
52:57 Heavy Scorpion
55:37 Plate Mail Armor
55:13 Scale Barding Armor
Connection lost

Rejoining the realm…

Still unreachable

The connection could not be restored.

Session expired

The server has moved on; the page needs a fresh start.